 Dungeon Crawl Stone Soup version 0.31-a0-986-g5e6e4ef867 (webtiles) character file.

Game seed: 9727249165044892941

3895 Danienth the Cleaver (level 10, -9/94 HPs)
             Began as a Minotaur Berserker on Nov 11, 2023.
             Was an Elder of Trog.
             Mangled by a two-headed ogre
             ... wielding a +0 giant spiked club
              (24 damage)
             ... on level 9 of the Dungeon.
             The game lasted 00:28:46 (5977 turns).

Danienth the Cleaver (Minotaur Berserker)           Turns: 5977, Time: 00:28:47

Health: -9/94      AC:  6    Str: 23    XL:     10   Next: 0%
Magic:  0/9        EV: 12    Int:  6    God:    Trog [****..]
Gold:   355        SH:  5    Dex: 11    Spells: 9/9 levels left

rFire   x . .        A - +2 broad axe (vamp)
rCold   + . .        i - +0 buckler
rNeg    . . .        b - +0 animal skin
rPois   .            (helmet restricted)
rElec   .            (no cloak)
rCorr   .            (no gloves)
SInv    .            (no boots)
Will    ++...        G - amulet of guardian spirit
Stlth   +            m - ring of ice
HPRegen 1.35/turn    J - +4 ring of protection
MPRegen 0.11/turn

%: guardian spirit
@: marked, strong-willed, on berserk cooldown, regenerating, hasted and slowed
A: horns 2, retaliatory headbutt
a: Renounce Religion, Berserk, Trog's Hand, Brothers in Arms


You were on level 9 of the Dungeon.
You worshipped Trog.
Trog was greatly pleased with you.
You visited 1 branch of the dungeon, and saw 8 of its levels.

You collected 355 gold pieces.

Inventory:

Hand Weapons
 a - a +0 hand axe
 k - a +2 short sword of speed
 t - a +5 flail of holy wrath
 y - a +1 hand axe of venom
 A - a +2 vampiric broad axe (weapon)
 F - a +3 dagger of draining
Missiles
 l - a curare-tipped dart
 s - 7 poisoned darts (quivered)
Armour
 b - a +0 animal skin (worn)
 i - a +0 buckler (worn)
Jewellery
 c - a ring of protection from fire
 m - a ring of ice (left hand)
 B - a ring of fire
 G - an amulet of guardian spirit (around neck)
 J - a +4 ring of protection (right hand)
Wands
 w - a wand of acid (8)
 z - a wand of charming (18)
 D - a wand of mindburst (5)
Scrolls
 g - a scroll of immolation
 o - a scroll of enchant armour {unknown}
 p - a scroll of summoning {unknown}
 q - 4 scrolls of teleportation
 r - 2 scrolls of fear {unknown}
 E - a scroll of poison {unknown}
 I - 2 scrolls of vulnerability {unknown}
 K - a scroll of revelation {unknown}
Potions
 d - 3 potions of enlightenment
 e - 3 potions of heal wounds
 f - a potion of resistance {unknown}
 h - 2 potions of curing
 j - 2 potions of cancellation
 n - a potion of magic
 u - 2 potions of berserk rage
 v - a potion of haste
 x - 2 potions of lignification
 L - 3 potions of mutation {unknown}


   Skills:
 * Level 10.6 Fighting
 - Level 3.2 Short Blades
 * Level 11.4(11.7) Axes
 - Level 3.7(8.2) Maces & Flails
 - Level 3.0 Armour
 - Level 3.0 Dodging
 - Level 5.0 Shields
 - Level 2.3 Evocations


You had 9 spell levels left.
You didn't know any spells.
Your spell library was empty.

Dungeon Overview and Level Annotations

Branches:
Dungeon (9/15)             Temple (0/1) D:7
   Lair: D:8-11         Orc: D:9-12

Altars:
Cheibriados
Hepliaklqana
Okawaru
Ru
Vehumet
Wu Jian


Innate Abilities, Weirdness & Mutations

You have a pair of horns on your head.
You reflexively headbutt those who attack you in melee.


Message History

Aim: an orc, wielding a +0 club (about 35% to evade your +2 vampiric broad axe)
You slash the orc!
You kill the orc!
Trog accepts your kill. The acid dragon spits acid at you.
The splash of acid hits you!!
Cleave: A) +2 broad axe (vamp)
Press: ? - help, Dir - move target, f - two-headed ogre
Aim: a two-headed ogre, wielding two +0 giant spiked clubs (about 22% to evade your +2 vampiric broad axe)
Okay, then.
A howler monkey comes into view.
You block the two-headed ogre's attack.
The two-headed ogre hits you with a +0 giant spiked club!!
A deep elf pyromancer comes into view. It is wielding a +0 short sword.
The orc closely misses you. The orc hits you but does no damage.
Things that are here:
a +0 club; an orc corpse; a wyvern corpse Cleave: A) +2 broad axe (vamp)
Press: ? - help, Dir - move target, f - orc
Aim: an orc, wielding a +0 club (about 35% to evade your +2 vampiric broad axe)
You slash the orc!
You kill the orc!
Trog accepts your kill.
You closely miss the orc. You slash the two-headed ogre!
You feel better.
The howler monkey hoots and howls with incredible vigour!
The orc misses you.
Cleave: A) +2 broad axe (vamp)
Press: ? - help, Dir - move target, f - two-headed ogre
Aim: a two-headed ogre, wielding two +0 giant spiked clubs (lightly wounded, about 22% to evade your +2 vampiric broad axe)
You slice the two-headed ogre!!
You feel better.
The two-headed ogre is severely wounded.
You closely miss the orc.
The two-headed ogre hits you with a +0 giant spiked club! x2
* * * LOW HITPOINT WARNING * * *
The orc hits you with a +0 trident.
* * * LOW HITPOINT WARNING * * *
Your skin crawls.
You feel strong-willed.
The two-headed ogre hits you with a +0 giant spiked club!!
You die...

###......
..........
###.......... .
...........#
#.####..........
.....#..........
#.h.........# ##...
#.)@))...###..#..
#.oO))...........
#.D).)..$....>...
#.....)...#....#.
#...###.)e..#......
....# ###.........#
.#.## ###.......#
####.####.........#
#.........#..#...#


You could see a two-headed ogre, a deep elf pyromancer, an acid dragon (catching
breath), a howler monkey and an orc.

Vanquished Creatures
  Pikel (D:6)
  A wraith (D:6)
  A wyvern (D:9)
  Edmund (D:4)
  2 sky beasts
  A black bear (D:5)
  2 ogres
  3 orc warriors
  2 wolves (D:5)
  2 ice beasts
  A centaur (D:6)
  2 kobold brigands
  2 bullfrogs
  3 scorpions
  A gnoll sergeant (D:5)
  6 killer bees (D:7)
  The ghost of Dittersdorf the Trooper, a weakling HuFi (D:3)
  A howler monkey (D:7)
  6 hounds
  2 gnoll boudas
  4 orc priests
  A jelly (D:7)
  2 sleepcaps
  Ijyb (D:4)
  Jessica (D:2)
  2 iguanas
  6 orc wizards
  A scorpion simulacrum (D:3)
  15 gnolls
  7 adders
  A shadow imp (D:6)
  3 white imps
  A worm (D:2)
  A dart slug (D:3)
  25 orcs
  15 endoplasms
  2 giant cockroaches
  7 goblins
  5 hobgoblins
  13 jackals
  17 kobolds
  A quokka (D:1)
  7 ball pythons
  4 ball python simulacra (D:3)
  A frilled lizard (D:1)
  7 rats
  A spectral hobgoblin (D:3)
192 creatures vanquished.

Notes
Turn   | Place    | Note
-------+----------+-------------------------------------------
     0 | D:1      | Danienth the Minotaur Berserker began the quest for the
                  | Orb.
     0 | D:1      | Reached XP level 1. HP: 19/19 MP: 0/0
   105 | D:1      | Reached XP level 2. HP: 27/27 MP: 1/1
   297 | D:1      | Reached skill level 4 in Axes
   489 | D:1      | Reached XP level 3. HP: 27/33 MP: 2/2
   882 | D:2      | Noticed Jessica
   886 | D:2      | Killed Jessica
   972 | D:2      | Reached XP level 4. HP: 39/41 MP: 3/3
  1041 | D:2      | Reached ** piety under Trog
  1058 | D:2      | Reached skill level 1 in Short Blades
  1072 | D:2      | Reached skill level 1 in Shields
  1802 | D:3      | Found a runed translucent gate.
  1807 | D:3      | Found a runed translucent gate.
  1809 | D:3      | Found a runed translucent gate.
  2002 | D:3      | Reached XP level 5. HP: 47/47 MP: 4/4
  2136 | D:3      | Found a faded altar of an unknown god.
  2254 | D:3      | Noticed Dittersdorf's ghost (weakling HuFi)
  2480 | D:4      | Noticed Edmund
  2490 | D:4      | Killed Edmund
  2491 | D:4      | Reached skill level 5 in Fighting
  2598 | D:4      | Noticed Ijyb
  2598 | D:4      | Noticed an ogre
  2605 | D:4      | Killed Ijyb
  2606 | D:4      | Reached XP level 6. HP: 56/56 MP: 5/5
  3109 | D:4      | Reached XP level 7. HP: 62/62 MP: 6/6
  3594 | D:3      | Killed Dittersdorf's ghost
  3707 | D:5      | Entered Level 5 of the Dungeon
  3766 | D:5      | Reached *** piety under Trog
  3828 | D:5      | Reached skill level 5 in Axes
  3830 | D:5      | Reached skill level 1 in Evocations
  4024 | D:5      | Found an iron altar of Okawaru.
  4088 | D:5      | Reached skill level 6 in Axes
  4106 | D:5      | Reached XP level 8. HP: 41/70 MP: 7/7
  4290 | D:5      | Reached skill level 5 in Shields
  4315 | D:5      | Found a snail-covered altar of Cheibriados.
  4341 | D:5      | Found an ornate altar of the Wu Jian Council.
  4346 | D:5      | Found a sacrificial altar of Ru.
  4383 | D:5      | Reached skill level 7 in Axes
  4574 | D:5      | Found a hazy altar of Hepliaklqana.
  4954 | D:6      | Reached skill level 8 in Axes
  5156 | D:6      | Reached skill level 9 in Axes
  5279 | D:6      | Reached XP level 9. HP: 81/81 MP: 8/8
  5412 | D:6      | Found a radiant altar of Vehumet.
  5417 | D:6      | Noticed Pikel
  5422 | D:6      | Killed Pikel
  5773 | D:7      | Reached **** piety under Trog
  5774 | D:7      | Reached skill level 10 in Axes
  5793 | D:7      | Reached skill level 10 in Fighting
  5798 | D:7      | Reached skill level 11 in Axes
  5815 | D:7      | Found a staircase to the Ecumenical Temple.
  5943 | D:7      | You fall into a shaft and drop 2 floors!
  5967 | D:9      | Noticed a two-headed ogre
  5973 | D:9      | Reached XP level 10. HP: 83/94 MP: 5/9
  5974 | D:9      | Noticed a deep elf pyromancer
  5977 | D:9      | Mangled by a two-headed ogre

Illustrated notes

Levels and vault maps discovered:
D:1:      amcnicky_arrival_flooded_fountain, layout_basic, minmay_pentomino_q2
D:2:      cheibrodos_pilgrimage, layout_basic, minmay_misc_feat_roman,
          hangedman_feature_mirror, uniq_jessica
D:3:      layout_loops_ring, gammafunk_ghost_icy,
          dreamdust_ecumenical_altar_drowned_temple
D:4:      layout_rooms, uniq_edmund, uniq_ijyb
D:5:      layout_cave_pools, kennysheep_little_box, lemuel_round_altar,
          mainiacjoe_overflow_alcove_4, amethyst_overflow_temple_binary,
          serial_gnoll_camp, gnoll_camp_mini_loothouse,
          gnoll_camp_mini_doghouse, gnoll_camp_mini_basic, gnoll_camp_mini_hut,
          chequers_serial_rivers_small_b
D:6:      layout_loops_ring, nicolae_vehumet_radiance, uniq_pikel
D:7:      layout_basic, kennysheep_mini, mainiacjoe_overflow_alcove_1,
          mainiacjoe_overflow_brackets, minmay_temple_entry_mini_moons,
          serial_shops, shop, serial_bayou_pond_b
D:9:      layout_cave_pools, mainiacjoe_overflow_tiny_flanked,
          hangedman_decor_peaks_small

Skill      XL: |  1  2  3  4  5  6  7  8  9 |
---------------+----------------------------+-----
Axes           | 4 6 9 11 | 11.4
Fighting       | 4 5 6 7 10 | 10.6
Armour         | 3 |  3.0
Dodging        | 3 |  3.0
Short Blades   | 1 3 |  3.2
Shields        | 1 2 3 4 5 |  5.0
Maces & Flails | 3 |  3.7
Evocations     | 1 2 |  2.3

Action                     |  1- 3 |  4- 6 |  7- 9 | 10-12 || total
---------------------------+-------+-------+-------+-------++-------
  Melee: Hand axe          |    52 |       |       |       ||    52
         Headbutt          |    17 |    20 |    27 |       ||    64
         Short sword       |    28 |    60 |       |       ||    88
         Flail             |       |    38 |    13 |       ||    51
         Broad axe         |       |       |   188 |     3 ||   191
  Throw: Dart              |       |       |     9 |       ||     9
         Throwing net      |       |       |     1 |       ||     1
 Invoke: Berserk           |     1 |     2 |     5 |       ||     8
         Trog's Hand       |       |       |     3 |     1 ||     4
    Use: Potion            |     1 |     1 |     2 |       ||     4
         Scroll            |       |     4 |     7 |       ||    11
   Stab: Sleeping          |       |       |     1 |       ||     1
 Armour: Animal skin       |    34 |    29 |   139 |     7 ||   209
  Dodge: Dodged            |    34 |    43 |   131 |     2 ||   210
  Block: Buckler           |     1 |    11 |    54 |     1 ||    67

Table legend: (Time is in decaauts)
 A = Elapsed time spent in this place.
 B = Non-inter-level travel time spent in this place.
 C = Inter-level travel time spent in this place.
 D = Time resting spent in this place.
 E = Time spent auto-exploring this place.
 F = Levels seen in this place.
 G = Mean time per level.
                   A        B        C        D        E       F      G
               +--------+--------+--------+--------+--------+-----+--------+
         Total |   6058 |   5792 |    266 |    867 |   3991 |   8 |  757.2 |
       Dungeon |   6058 |   5792 |    266 |    867 |   3991 |   8 |  757.2 |
               +--------+--------+--------+--------+--------+-----+--------+

Top non-repeatable levels by time:
     D:5: 1286 daAuts
     D:2: 1069 daAuts
     D:4: 991 daAuts
     D:3: 902 daAuts
     D:6: 796 daAuts
     D:1: 756 daAuts
     D:7: 224 daAuts
     D:9: 30 daAuts
